 Dungeon Crawl Stone Soup version 0.31-a0-1321-g5021b54cb2 (webtiles) character file.

Game seed: 13448320631727347806

13497 porpoise the Basher (level 11, -4/72 HPs)
             Began as an Armataur Fighter on Dec 21, 2023.
             Was an Elder of Hepliaklqana.
             Slain by a spectral wolf spider (5 damage)
             ... in a Gauntlet.
             The game lasted 00:51:26 (9713 turns).

porpoise the Basher (Armataur Fighter)              Turns: 9713, Time: 00:51:26

Health: -4/72      AC: 22    Str: 25    XL:     11   Next: 76%
Magic:  13/13      EV: 14    Int:  8    God:    Hepliaklqana [****..]
Gold:   190        SH:  5    Dex: 13    Spells: 10/10 levels left

rFire   . . .        a - +1 flail (protect)
rCold   . . .        c - +0 buckler
rNeg    + . .        h - +4 pearl dragon scales
rPois   .            (no helmet)
rElec   +            z - +1 cloak
rCorr   .            o - +0 pair of gloves
SInv    +            (no barding)
Will    .....        g - amulet of regeneration Stlth
                     Z - ring of Zuguch {rElec AC+4 Dex+2 SInv}
HPRegen 1.12/turn    G - +5 ring of evasion
MPRegen 0.13/turn

%: no teleportation, roll
@: mighty, lethally poisoned (-4 -> -44), slowed, very slow
A: reduced essence, large, deformed body, tough skin 3, armoured tail, roll 2,
long tongue
a: Renounce Religion, Recall Ancestor, Ancestor Identity, Transference, Idealise


You were in a Gauntlet.
You worshipped Hepliaklqana.
Hepliaklqana was greatly pleased with you.
You visited 3 branches of the dungeon, and saw 12 of its levels.
You also visited: Bailey and Gauntlet.

You collected 1012 gold pieces.
You spent 822 gold pieces at shops.

Inventory:

Hand Weapons
 a - a +1 flail of protection (weapon)
 b - a +0 sling
Missiles
 i - 5 atropa-tipped darts (quivered)
 k - a throwing net
 u - 9 boomerangs
 M - a curare-tipped dart
 Q - 2 javelins
Armour
 c - a +0 buckler (worn)
 h - +4 pearl dragon scales (worn)
 o - a +0 pair of gloves (worn)
 s - a scarf of invisibility
 y - the +2 hat of the Bear Spirit {Spirit, Bear, *Rage Will++}
   (You found it in a bailey)

   Bear:      Going berserk makes the wearer exceptionally tough, and they are
   slowed for a shorter time afterward.
   Will++:    It greatly increases your willpower.
   *Rage:     It berserks you when you make melee attacks (+20% chance).
 z - a +1 cloak (worn)
 A - a +3 leather armour of fire resistance
 I - +0 swamp dragon scales
 J - the +0 scale mail of the Morning {rElec rPois rF- Will+}
   (You found it in a bailey)

   rF-:       It makes you vulnerable to fire.
   rElec:     It insulates you from electricity.
   rPois:     It protects you from poison Will+: It increases your willpower.
 S - +0 steam dragon scales
 X - a +0 kite shield
Jewellery
 d - a ring of magical power
 e - the ring "Ontoss" {Fire Int+3}
   (You bought it in a shop on level 6 of the Dungeon)

   [ring of fire]

   Fire:      It enhances your fire magic.
   Int+3:     It affects your intelligence (+3).
   rF+:       It protects you from fire.
   rC-:       It makes you vulnerable to cold.
 g - an amulet of regeneration (around neck)
 m - a ring of ice
 v - a ring of protection from cold
 G - a +5 ring of evasion (right hand)
 H - an amulet of faith
 O - an amulet of the acrobat
 Z - the ring of Zuguch (left hand) {rElec AC+4 Dex+2 SInv}
   (You bought it in a shop on level 6 of the Dungeon)

   [ring of protection]

   AC+4:      It affects your AC (+4).
   Dex+2:     It affects your dexterity (+2).
   rElec:     It insulates you from electricity.
   SInv:      It lets you see invisible.
Wands
 l - a wand of roots (7)
 t - a wand of flame (87)
 x - a wand of polymorph (13)
 D - a wand of mindburst (36)
Scrolls
 j - 3 scrolls of teleportation
 r - 2 scrolls of vulnerability
 w - 2 scrolls of silence
 C - 2 scrolls of enchant weapon
 F - a scroll of noise
 L - a scroll of summoning
 R - a scroll of fog
 T - a scroll of amnesia
 U - 2 scrolls of identify
 V - a scroll of fear
 W - a scroll of enchant armour
 Y - a scroll of revelation
Potions
 f - 4 potions of attraction
 n - 2 potions of curing
 p - 2 potions of magic
 q - 4 potions of mutation
 B - a potion of haste
 E - 2 potions of might
 K - a potion of cancellation
 N - a potion of berserk rage
 P - 3 potions of heal wounds


   Skills:
 + Level 6.0 Fighting
 * Level 13.6 Maces & Flails
 - Level 7.0 Armour
 - Level 5.0 Dodging
 - Level 7.0 Shields
 + Level 3.4 Invocations


You had 10 spell levels left.
You didn't know any spells.
Your spell library contained the following spells:

 Spells                   Type           Power      Damage    Failure   Level
 Mercury Vapours          Alch/Air       0%         N/A       89%         2
 Mephitic Cloud           Conj/Alch/Air  0%         N/A       98%         3
 Tukima's Dance           Hex            0%         N/A       98%         3
 Volatile Blastmotes      Fire/Tloc      0%         2d10      98%         3
 Fulminant Prism          Conj/Alch      0%         3d5       100%        4
 Iskenderun's Mystic Bla  Conj/Tloc      0%         2d3       100%        4
 Passage of Golubria      Tloc           0%         N/A       100%        4
 Summon Ice Beast         Ice/Summ       0%         N/A       100%        4
 Freezing Cloud           Conj/Ice/Air   0%         6-21      100%        5
 Summon Mana Viper        Hex/Summ       0%         N/A       100%        5
 Yara's Violent Unravell  Hex/Alch       0%         3d3       100%        5
 Monstrous Menagerie      Summ           0%         N/A       100%        7


Dungeon Overview and Level Annotations

Branches:
Dungeon (10/15)            Temple (1/1) D:5            Lair (1/5) D:10
    Orc (0/2) D:10         Bailey (visited)         Gauntlet (1/1)

Altars:
Ashenzari
Cheibriados
Dithmenos
Elyvilon
Fedhas
Gozag
Hepliaklqana
Kikubaaqudgha
Makhleb
Nemelex Xobeh
Okawaru
Qazlal
Ru
Sif Muna
Trog
Uskayaw
Vehumet
Wu Jian
Xom
Yredelemnul
Zin
The Shining One

Shops:
D:1 =(   D:4 [   D:5 *   D:6 ?*   D:8 [

Annotations:
D:3 3 runed translucent doors, Sundig's ghost, amateur MiFi
D:7 3 runed translucent doors, Sundig's ghost, novice MiFi
Lair:1 1 runed translucent door Gauntlet 11 transporters


Innate Abilities, Weirdness & Mutations

Your life essence is reduced to manifest your ancestor. (-10% HP)
Armour fits poorly on your strangely shaped body.
You have extremely tough skin. (AC +3)
You have a long armoured tail.
You regenerate magic and health when rolling toward enemies. (Rampage Regen)
Your long tongue fully drains potion bottles. (2x potion effects)


Message History

You swap places.
You feel extremely sick.
The spectral wolf spider barely misses you.
You block the spectral wolf spider's attack.
The death drake barely misses you.
You feel very sick.
The spectral wolf spider hits Nikki!
The spectral wolf spider barely misses Nikki.
The death drake attacks as it pursues you!
The death drake bites you but does no damage.
The spectral wolf spider hits Nikki but does no damage.
The spectral wolf spider closely misses Nikki.
You feel very mighty all of a sudden.
You slurp down every last drop of the potion of might!
You feel very sick.
The centaur warrior zombie closely misses Nikki.
The centaur warrior zombie kicks Nikki.
The death drake bites you but does no damage.
Nikki points at the death drake and mumbles some strange words.
The puff of frost hits the death drake.
The spectral wolf spider hits Nikki!
The spectral wolf spider barely misses Nikki.
You closely miss the death drake.
Your tail-slap misses the death drake.
The death drake is lightly wounded.
You feel very sick.
The centaur warrior zombie hits Nikki.
Nikki is destroyed!
The death drake breathes miasma at you. The foul vapour engulfs you!
You are lethally poisoned!
* * * LOW HITPOINT WARNING * * *
You completely miss the death drake.
The death drake is lightly wounded.
You are engulfed in dark miasma.
You are more poisoned.
You feel yourself slow down.
* * * LOW HITPOINT WARNING * * *
x2 You feel extremely sick.
The spectral wolf spider closely misses you.
The spectral wolf spider bites you.
You die...

################≈#§#≈#
##≈#≈#≈#≈#§#≈#≈#..§....
#≈.............§.§....8
##.8.....8.....8.......
#≈...............######
##...#########...#ss..#
#≈...#○○##...#...#ss.#.
##...#○#...#######y.#..
#≈...#@#.^#![#...#.#..#
##.8©#Zk#Z#.©#©8©##.©#.
#§...#○Z#^.#?#...#.#..#
##...###○..#.#####..#..
#≈...#°°○##..#...#..^#.
##...#########...#....#
#§...............######
##.8.....8.....8.......
##.....................8


You could see a death drake (catching breath), a spectral wolf spider and 2
centaur warrior zombies.

Vanquished Creatures
  A two-headed ogre (D:8)
  An ugly thing (D:8)
  An elephant (D:10)
  Maggie (D:6)
  An orange demon (Lair:1)
  A cane toad (Lair:1)
  Jeremiah (D:7)
  Sigmund (D:6)
  A shadow (D:10)
  5 wyverns
  An acid dragon (D:9)
  5 water moccasins
  Duvessa (D:6)
  3 ice beasts
  3 black bears
  2 orc warriors (Bailey)
  A sky beast (D:7)
  3 wolves (D:10)
  A centaur (D:8)
  A phantom (D:4)
  An ogre (D:5)
  2 kobold brigands
  3 bullfrogs
  A gnoll sergeant (D:9)
  3 wights
  Dowan (D:6)
  4 killer bees
  2 howler monkeys
  2 hounds (D:5)
  Crazy Yiuf (D:3)
  A gnoll bouda (D:6)
  3 orc priests
  A sleepcap (D:5)
  Ijyb (D:3)
  9 orc wizards
  4 iguanas
  10 adders
  11 gnolls
  A white imp (D:5)
  2 ufetubi (D:6)
  A worm (D:4)
  A dart slug (D:3)
  36 orcs
  6 ball pythons
  12 endoplasms
  7 goblins
  6 hobgoblins
  17 jackals
  2 quokkas
  6 bats
  2 frilled lizards (D:1)
  11 kobolds
  9 rats
214 creatures vanquished.

Vanquished Creatures (collateral kills)
  A two-headed ogre (D:8)
  An orc knight (Bailey)
  A deep elf pyromancer (Bailey)
  3 elephants (D:10)
  Psyche (D:9)
  A troll (D:9)
  A hornet (D:8)
  A shadow (D:9)
  A wyvern (D:8)
  4 steam dragons
  A warg (D:10)
  A water moccasin (D:8)
  6 orc warriors
  2 black bears
  2 wolves (D:10)
  A phantom (D:6)
  2 kobold brigands
  3 bullfrogs
  A scorpion (D:7)
  5 wights
  2 killer bees
  A howler monkey (D:10)
  3 orc priests
  2 jellies (D:8)
  4 orc wizards
  4 gnolls
  2 white imps
  11 orcs
  2 goblins (D:8)
  5 kobolds (D:9)
75 creatures vanquished.

Vanquished Creatures (others)
  A howler monkey (D:8)
  4 battlemagi
  An orc wizard (D:9)
  An orc (D:8)
7 creatures vanquished.

Grand Total: 296 creatures vanquished

Notes
Turn   | Place    | Note
-------+----------+-------------------------------------------
     0 | D:1      | porpoise the Armataur Fighter began the quest for the Orb.
     0 | D:1      | Reached XP level 1. HP: 17/17 MP: 1/1
   234 | D:1      | Reached skill level 2 in Maces & Flails
   398 | D:1      | Reached XP level 2. HP: 23/23 MP: 2/2
   398 | D:1      | Found Femiu's Antique Weapon Shop.
   496 | D:1      | Found a faded altar of an unknown god.
   582 | D:1      | Found Tiron's Jewellery Boutique.
   761 | D:2      | Reached XP level 3. HP: 15/29 MP: 3/3
   769 | D:2      | Reached skill level 3 in Maces & Flails
  1090 | D:2      | Reached XP level 4. HP: 35/35 MP: 4/4
  1464 | D:3      | Found a shimmering altar of Xom.
  1467 | D:3      | Found a snail-covered altar of Cheibriados.
  1472 | D:3      | Found a bloodstained altar of Trog.
  1474 | D:3      | Found a broken altar of Ashenzari.
  1475 | D:3      | Found a sacrificial altar of Ru.
  1685 | D:3      | Noticed Ijyb
  1687 | D:3      | Found a basalt altar of Yredelemnul.
  1691 | D:3      | Killed Ijyb
  1692 | D:3      | Reached skill level 4 in Maces & Flails
  1692 | D:3      | Reached XP level 5. HP: 41/42 MP: 5/5
  2065 | D:3      | Found a runed translucent gate.
  2065 | D:3      | Found a runed translucent gate.
  2069 | D:3      | Found a runed translucent gate.
  2069 | D:3      | Found an opulent altar of Gozag.
  2071 | D:3      | Noticed Sundig's ghost (amateur MiFi)
  2071 | D:3      | Noticed a black bear
  2296 | D:3      | Found a runed translucent door.
  2297 | D:3      | Noticed Crazy Yiuf
  2305 | D:3      | Killed Crazy Yiuf
  2452 | D:4      | Found a stormy altar of Qazlal.
  2504 | D:4      | Noticed a phantom
  2520 | D:4      | Killed a phantom
  2521 | D:4      | Reached XP level 6. HP: 48/48 MP: 6/6
  2539 | D:4      | Reached skill level 5 in Maces & Flails
  2581 | D:4      | Found Gawain's Dragon-Slaying Spoils.
  2895 | D:4      | Noticed an ice beast
  2916 | D:4      | Killed an ice beast
  3343 | D:5      | Entered Level 5 of the Dungeon
  3366 | D:5      | Found a hazy altar of Hepliaklqana.
  3406 | D:5      | Gained mutation: You regenerate magic and health when
                  | rolling toward enemies. (Rampage Regen) [Armataur growth]
  3406 | D:5      | Reached XP level 7. HP: 35/55 MP: 7/7
  3438 | D:5      | Found a staircase to the Ecumenical Temple.
  3444 | D:5      | Reached skill level 6 in Maces & Flails
  3452 | Temple   | Entered the Ecumenical Temple
  3488 | D:5      | Became a worshipper of Hepliaklqana the Forgotten
  3603 | D:5      | Found Hamedyim's Assorted Antiques.
  3641 | D:5      | Reached skill level 5 in Fighting
  3657 | D:5      | Bought a scroll labelled OFAKLU ISOY for 30 gold pieces
  3657 | D:5      | Bought a scroll labelled LORAISA TOUSOU for 30 gold pieces
  3815 | D:5      | Bought a moonstone ring for 150 gold pieces
  4207 | D:6      | Noticed Maggie
  4208 | D:6      | Noticed Duvessa
  4241 | D:6      | Found Rotsir's Magic Scroll Shoppe.
  4297 | D:6      | Killed Maggie
  4298 | D:6      | Reached skill level 7 in Maces & Flails
  4298 | D:6      | Reached skill level 5 in Armour
  4298 | D:6      | Reached XP level 8. HP: 33/62 MP: 8/8
  4343 | D:6      | Noticed Dowan
  4353 | D:6      | Killed Duvessa
  4364 | D:6      | Killed Dowan
  4365 | D:6      | Reached skill level 8 in Maces & Flails
  4649 | D:6      | Found Ongeuk's Assorted Antiques.
  4658 | D:6      | Bought a scroll labelled OFAKLU ISOY for 36 gold pieces
  4658 | D:6      | Bought a scroll labelled SICANE VAMAO for 36 gold pieces
  4772 | D:6      | Reached * piety under Hepliaklqana
  4890 | D:6      | Found a shimmering blue altar of Sif Muna.
  4912 | D:6      | Noticed Sigmund
  4916 | D:6      | Killed Sigmund
  4917 | D:6      | Reached skill level 9 in Maces & Flails
  4917 | D:6      | Reached XP level 9. HP: 61/61 MP: 9/9
  4972 | D:6      | Found an ornate altar of the Wu Jian Council.
  5061 | D:6      | Found a shadowy altar of Dithmenos.
  5061 | D:6      | Found a white marble altar of Elyvilon.
  5201 | D:6      | Found a hide-covered altar of Uskayaw.
  5283 | D:7      | Noticed Jeremiah
  5331 | D:7      | Killed Jeremiah
  5332 | D:7      | Reached skill level 1 in Dodging
  5442 | D:7      | Noticed a komodo dragon
  5442 | D:7      | Noticed Sundig's ghost (novice MiFi)
  5444 | D:7      | Found a runed translucent gate.
  5444 | D:7      | Found a runed translucent gate.
  5444 | D:7      | Found a runed translucent gate.
  5805 | D:7      | Found an ancient bone altar of Kikubaaqudgha.
  5886 | D:7      | Reached ** piety under Hepliaklqana
  5887 | D:7      | Remembered your ancestor Nikki as a battlemage
  6345 | D:8      | Found a flagged portal.
  6360 | Bailey   | Entered a bailey
  6382 | Bailey   | Reached skill level 10 in Maces & Flails
  6434 | Bailey   | Found a large runed translucent door.
  6434 | Bailey   | Found a large runed translucent door.
  6434 | Bailey   | Noticed an orc knight
  6456 | Bailey   | Reached skill level 5 in Shields
  6528 | Bailey   | Noticed a deep elf pyromancer
  6531 | Bailey   | Found the +2 hat of the Bear Spirit {Spirit, Bear, *Rage
                  | Will++}
  6539 | Bailey   | Killed an orc knight
  6540 | Bailey   | Reached XP level 10. HP: 66/66 MP: 10/10
  6598 | Bailey   | Killed a deep elf pyromancer
  6607 | Bailey   | Identified the +0 scale mail of the Morning {rElec rPois
                  | rF- Will+}
  6764 | D:8      | Noticed a white ugly thing
  6781 | D:8      | Killed a white ugly thing
  6782 | D:8      | Reached skill level 11 in Maces & Flails
  6819 | D:8      | Found an iron altar of Okawaru.
  6841 | D:8      | Noticed a two-headed ogre
  6853 | D:8      | Killed a two-headed ogre
  6912 | D:8      | Found Fehytyne's Armour Shop.
  6935 | D:8      | Found an opulent altar of Gozag.
  7461 | D:8      | Noticed a two-headed ogre
  7467 | D:8      | Killed a two-headed ogre
  7468 | D:8      | Reached skill level 12 in Maces & Flails
  7603 | D:9      | Reached XP level 11. HP: 71/71 MP: 11/11
  7621 | D:9      | Noticed Psyche
  7631 | D:9      | Paralysed by Psyche for 1 turns
  7632 | D:9      | Killed Psyche
  7750 | D:9      | Reached *** piety under Hepliaklqana
  7818 | D:9      | Reached skill level 5 in Dodging
  8009 | D:6      | Bought a flickering glass ring for 180 gold pieces
  8009 | D:6      | Identified the ring of Zuguch {rElec AC+4 Dex+2 SInv} (You
                  | bought it in a shop on level 6 of the Dungeon)
  8009 | D:6      | Bought a potion of heal wounds for 180 gold pieces
  8009 | D:6      | Bought a wavering platinum ring for 180 gold pieces
  8009 | D:6      | Identified the ring "Ontoss" {Fire Int+3} (You bought it in
                  | a shop on level 6 of the Dungeon)
  8582 | D:10     | Entered Level 10 of the Dungeon
  8708 | D:10     | Found a staircase to the Lair.
  8713 | D:10     | Reached skill level 1 in Invocations
  8728 | D:10     | Reached skill level 13 in Maces & Flails
  9279 | D:10     | Found a staircase to the Orcish Mines.
  9437 | Lair:1   | Entered Level 1 of the Lair of Beasts
  9437 | Lair:1   | Found a gate leading to a gauntlet.
  9509 | Lair:1   | Found a runed translucent gate.
  9511 | Gauntlet | Entered a Gauntlet
  9511 | Gauntlet | Found a transporter.
  9514 | Gauntlet | Found a transporter.
  9514 | Gauntlet | Noticed a death drake
  9520 | Gauntlet | Found a transporter.
  9522 | Gauntlet | Found a transporter.
  9525 | Gauntlet | Found a transporter.
  9526 | Gauntlet | Found a transporter.
  9528 | Gauntlet | Noticed a death scarab
  9530 | Gauntlet | Reached **** piety under Hepliaklqana
  9534 | Gauntlet | Found a transporter.
  9534 | Gauntlet | Noticed a death scarab
  9557 | Gauntlet | Found a transporter.
  9558 | Gauntlet | Noticed a green death
  9573 | Gauntlet | Found a transporter.
  9575 | Gauntlet | Found a transporter.
  9583 | Gauntlet | Found a transporter.
  9651 | Gauntlet | Found a transporter.
  9713 | Gauntlet | HP: 1/72 [poisoned by a death drake (dark miasma)]
  9713 | Gauntlet | Slain by a spectral wolf spider

Illustrated notes

Levels and vault maps discovered:
D:1:      elethiomel_arrival_maze, layout_basic,
          chequers_ecumenical_altar_island, serial_shops, shop,
          nicolae_lakefront_shop
D:2:      layout_basic
D:3:      layout_basic, grunt_temple_overflow_open, marbit_many_paths,
          serial_aquarium, aquarium_bridge_square [aquarium_subvault_bridge,
          aquarium_subvault_bridge, aquarium_subvault_window,
          aquarium_subvault_balcony], aquarium_window_fake, aquarium_window_1,
          aquarium_window_1, aquarium_window_corner, aquarium_view_2c,
          ebering_ghost_gozag, uniq_crazy_yiuf_cottage, uniq_terence, uniq_ijyb
D:4:      layout_loops_cross, mainiacjoe_overflow_six_doors_small,
          nicolae_shop_dragon_depot
D:5:      layout_basic, nicolae_hepliaklqana_hazy_memory,
          minmay_temple_entry_proselytizer, serial_bayou, serial_bayou_lake_a,
          serial_bayou_pond_e, serial_bayou_pond_a, serial_bayou_pond_a,
          serial_bayou_pond_d, serial_shops, shop
D:6:      layout_rooms, nzn_wu_jian_council_hall, mainiacjoe_overflow_alcove_2,
          gammafunk_temple_overflow_elements, nicolae_sif_muna_little_library,
          serial_shops, nicolae_shop_competitors_out_of_business, shop,
          minivault_22, grunt_ministairs_1, uniq_maggie, uniq_duvessa,
          uniq_sigmund
D:7:      layout_cave_pods, general_overflow_altar, gammafunk_ghost_split,
          uniq_jeremiah
D:8:      minmay_polygon_palace, layout_basic, mainiacjoe_overflow_tiny_flanked,
          okawaru_ov_weapons_minmay, serial_shops, kennysheep_mini,
          enter_bailey_7, minmay_circle_x
D:9:      layout_long_grid, uniq_psyche
D:10:     layout_basic, minmay_lair_entry_grove, minmay_orc_entry_guard_dogs
Temple:   hellmonk_temple_rainy
Lair:1:   beast_lair_carwin_large_1, layout_cave_shapes, gammafunk_ghost_ooze,
          gauntlet_entry_generic, grunt_megastairs_4, uniq_amaemon
Gauntlet: minmay_gauntlet_mixed_oops_all_seconds
          [minmay_gauntlet_arena_77_squiggly, gammafunk_gauntlet_arena_hedges,
          minmay_gauntlet_arena_77_double_cross,
          gammafunk_gauntlet_arena_arrow_garden,
          minmay_gauntlet_arena_77_broken_ladder, nicolae_gauntlet_swirl,
          dreamdust_gauntlet_exit_labyrinth]

Skill      XL: |  1  2  3  4  5  6  7  8  9 10 11 |
---------------+----------------------------------+-----
Maces & Flails | 2 3 4 5 7 9 10 12 13 | 13.6
Fighting       | 3 4 5 6 |  6.0
Armour         | 5 7 |  7.0
Dodging        | 2 4 5 |  5.0
Shields        | 5 7 |  7.0
Invocations    | 3 |  3.4

Action                     |  1- 3 |  4- 6 |  7- 9 | 10-12 || total
---------------------------+-------+-------+-------+-------++-------
  Melee: Flail             |    47 |   193 |   340 |   337 ||   917
         Tailslap          |     5 |    17 |    38 |    53 ||   113
   Fire: Sling             |    68 |    11 |    38 |    11 ||   128
  Throw: Boomerang         |       |       |     3 |       ||     3
         Dart              |       |       |     2 |     2 ||     4
 Invoke: Ancestor Identity |       |       |     1 |       ||     1
         Ancestor Life: Ba |       |       |     1 |       ||     1
         Recall Ancestor   |       |       |       |     1 ||     1
  Evoke: Wand              |       |       |     6 |       ||     6
    Use: Scroll            |       |     4 |    18 |     5 ||    27
         Potion            |       |       |     4 |     1 ||     5
   Stab: Distracted        |       |       |       |     4 ||     4
 Armour: Pearl dragon scal |    51 |   156 |   245 |   290 ||   742
         Scale mail        |     3 |       |       |       ||     3
  Dodge: Dodged            |    39 |    47 |   153 |   257 ||   496
  Block: Buckler           |    18 |    35 |    65 |    92 ||   210

Table legend: (Time is in decaauts)
 A = Elapsed time spent in this place.
 B = Non-inter-level travel time spent in this place.
 C = Inter-level travel time spent in this place.
 D = Time resting spent in this place.
 E = Time spent auto-exploring this place.
 F = Levels seen in this place.
 G = Mean time per level.
                   A        B        C        D        E       F      G
               +--------+--------+--------+--------+--------+-----+--------+
         Total |   9746 |   9263 |    483 |    942 |   5690 |  14 |  696.1 |
       Dungeon |   9122 |   8647 |    475 |    920 |   5630 |  10 |  912.2 |
        Temple |     15 |      7 |      8 |      0 |      0 |   1 |   15.0 |
          Lair |     20 |     20 |      0 |      0 |      0 |   1 |   20.0 |
        Bailey |    388 |    388 |      0 |     22 |     58 |   1 |  388.0 |
      Gauntlet |    200 |    200 |      0 |      0 |      2 |   1 |  200.0 |
               +--------+--------+--------+--------+--------+-----+--------+

Top non-repeatable levels by time:
     D:3: 1082 daAuts
     D:8: 1028 daAuts
     D:6: 989 daAuts
     D:7: 967 daAuts
     D:4: 961 daAuts
     D:5: 929 daAuts
     D:9: 899 daAuts
    D:10: 877 daAuts
     D:1: 739 daAuts
     D:2: 647 daAuts
  Bailey: 388 daAuts
Gauntlet: 200 daAuts
  Lair:1: 20 daAuts
  Temple: 15 daAuts
